 Dungeon Crawl Stone Soup version 0.28-a0-247-gb8bfbab023 (webtiles) character file.

Game seed: 15034597117623852843

32 rabbitsville the Cudgeller (level 3, -1/25 HPs)
             Began as a Gnoll Wanderer on Aug 25, 2021.
             Slain by a worm (3 damage)
             ... on level 2 of the Dungeon.
             The game lasted 00:04:27 (1698 turns).

rabbitsville the Cudgeller (Gnoll Wanderer)         Turns: 1698, Time: 00:04:28

Health: -1/25      AC:  3    Str: 11    XL:     3   Next: 27%
Magic:  9/9        EV:  7    Int: 12    God:
Gold:   54         SH: 11    Dex: 11    Spells: 11/12 levels left

rFire   . . .      SeeInvis .   a - +2 mace
rCold   . . .      Faith    .   l - +0 tower shield
rNeg    . . .      Spirit   .   c - +0 robe
rPois   .          Reflect  .   j - +0 helmet
rElec   .          Harm     .   (no cloak)
rCorr   +          Rampage  .   (no gloves)
Will    .....                   (no boots)
Stlth   ++........              (no amulet)
HPRegen 0.08/turn               g - ring of resist corrosion
MPRegen 0.11/turn               (no ring)

@: no status effects
A: fangs 1, strong nose, distributed training
a: no special abilities


You were on level 2 of the Dungeon.
You visited 1 branch of the dungeon, and saw 2 of its levels.

You collected 54 gold pieces.

Inventory:

Hand Weapons
 a - a +2 mace (weapon)
Missiles
 d - 16 poisoned darts (quivered)
Armour
 c - a +0 robe (worn)
 j - a +0 helmet (worn)
 l - a +0 tower shield (worn)
Jewellery
 g - a ring of resist corrosion (left hand)
Scrolls
 e - a scroll of enchant weapon {unknown}
 f - a scroll of blinking {unknown}
 h - a scroll of identify {unknown}
 i - a scroll of amnesia {unknown}
 k - a scroll of teleportation {unknown}
 m - a scroll of enchant armour {unknown}
Potions
 b - a potion of lignification
 n - a potion of heal wounds {unknown}


   Skills:
 + Level 0.7 Fighting
 + Level 0.7 Short Blades
 + Level 0.7 Long Blades
 + Level 0.7 Axes
 + Level 6.5 Maces & Flails
 + Level 0.7 Polearms
 + Level 0.7 Staves
 + Level 0.7 Slings
 + Level 0.7 Bows
 + Level 0.7 Crossbows
 + Level 0.7 Throwing
 + Level 0.7 Armour
 + Level 0.7 Dodging
 + Level 2.3 Stealth
 + Level 2.6 Shields
 + Level 0.7 Unarmed Combat
 + Level 5.0 Spellcasting
 + Level 3.7 Conjurations
 + Level 0.5 Hexes
 + Level 0.5 Summonings
 + Level 0.5 Necromancy
 + Level 0.5 Translocations
 + Level 0.5 Transmutations
 + Level 0.5 Fire Magic
 + Level 0.5 Ice Magic
 + Level 0.5 Air Magic
 + Level 0.5 Earth Magic
 + Level 2.1 Poison Magic
 + Level 0.9 Invocations
 + Level 0.7 Evocations


You had 11 spell levels left.
You knew the following spells:

 Your Spells              Type           Power      Damage    Failure   Level
a - Freeze                Ice            16%        1d4       96%         1

Your spell library contained the following spells:

 Spells                   Type           Power      Damage    Failure   Level
 Frozen Ramparts          Ice            8%         1d2       100%        3


Dungeon Overview and Level Annotations

Branches:
Dungeon (2/15)

Altars:


Innate Abilities, Weirdness & Mutations

You have very sharp teeth.
Your uncanny sense of smell can sniff out nearby items.
Your experience applies equally to all skills.


Message History

Moving in this stuff is going to be slow.
You now have 54 gold pieces (gained 8).
You enter the shallow water.
Moving in this stuff is going to be slow.
HP restored.
A quokka comes into view.
A worm comes into view.
You miss the quokka. You block the quokka's attack.
The quokka closely misses you.
Your shield prevents you from hitting the quokka.
You bite the quokka, but do no damage. You block the quokka's attack.
You hit the quokka.
You kill the quokka!
A kobold comes into view. It is wielding a +0 dagger.
The kobold shouts!
You block the worm's attack.
The kobold throws a stone.
You block the stone.
You hit the worm.
The worm is lightly wounded.
The worm bites you.
You hit the worm.
The worm is moderately wounded.
The worm bites you!
You hit the worm but do no damage.
The worm is lightly wounded.
The kobold throws a stone.
The stone hits you but does no damage. You block the worm's attack.
You barely miss the worm.
The worm is lightly wounded.
You barely miss the worm.
The worm is lightly wounded.
The worm bites you but does no damage.
The kobold throws a stone.
The stone hits you but does no damage.
You sock the worm!
The worm is heavily wounded.
The worm bites you!
* * * LOW HITPOINT WARNING * * *
You hit the worm.
The worm is severely wounded.
The kobold barely misses you. The worm bites you.
You die...

#.........#
#.........#
#.........# #+#
#.........# #.#
#.........#
###.###
#.........#
......#
#....K....#
......# #..w@...#
#.....# ####.####
......# #.#
....#.##########.#
....##...........#
....##############
≈...≈## .≈..≈≈#
.≈..≈≈#


You could see a worm and a kobold.

Vanquished Creatures
  3 dart slugs
  3 endoplasms (D:1)
  A giant cockroach (D:1)
  2 goblins (D:1)
  2 hobgoblins
  2 kobolds (D:1)
  3 quokkas
  A ball python (D:1)
  3 bats (D:1)
  3 frilled lizards (D:1)
  A rat (D:1)
24 creatures vanquished.

Notes
Turn   | Place    | Note
-------+----------+-------------------------------------------
     0 | D:1      | rabbitsville the Gnoll Wanderer began the quest for the
                  | Orb.
     0 | D:1      | rabbitsville set off with the following items: a +2 mace, a
                  | potion of lignification, a +0 robe; and the following spell
                  | memorised: Freeze; and the following spells available to
                  | memorise: Frozen Ramparts
     0 | D:1      | Reached XP level 1. HP: 13/13 MP: 6/6
   564 | D:1      | Reached XP level 2. HP: 19/19 MP: 7/7
  1335 | D:1      | Reached skill level 5 in Spellcasting
  1335 | D:1      | Reached XP level 3. HP: 25/25 MP: 7/9
  1697 | D:2      | HP: 1/25 [worm (11)]
  1698 | D:2      | Slain by a worm

Illustrated notes

Levels and vault maps discovered:
D:1:      dpeg_arrival_rooms_b, layout_loops_corners
D:2:      cheibrodos_helix_gallery, layout_loops_corners,
          shapermc_ecumenical_altar_hornbeckon, supply_closet_lemuel,
          chequers_serial_rivers_room_a

Skill      XL: |  1  2 |
---------------+-------+-----
Poison Magic   | 2 |  2.1
Spellcasting   | 5 |  5.0
Fighting       | |  0.7
Short Blades   | |  0.7
Long Blades    | |  0.7
Axes           | |  0.7
Maces & Flails | |  6.5
Polearms       | |  0.7
Staves         | |  0.7
Slings         | |  0.7
Bows           | |  0.7
Crossbows      | |  0.7
Throwing       | |  0.7
Armour         | |  0.7
Dodging        | |  0.7
Stealth        | |  2.3
Shields        | |  2.6
Unarmed Combat | |  0.7
Conjurations   | |  3.7
Hexes          | |  0.5
Summonings     | |  0.5
Necromancy     | |  0.5
Translocations | |  0.5
Transmutations | |  0.5
Fire Magic     | |  0.5
Ice Magic      | |  0.5
Air Magic      | |  0.5
Earth Magic    | |  0.5
Invocations    | |  0.9
Evocations     | |  0.7

Action                   || total
-------------------------++-------
Melee: Mace              ||    56
       Bite              ||     4
 Stab: Sleeping          ||     4
Armor: Robe              ||    19
Dodge: Dodged            ||    30
Block: Tower shield      ||    13

Table legend: (Time is in decaauts)
 A = Elapsed time spent in this place.
 B = Non-inter-level travel time spent in this place.
 C = Inter-level travel time spent in this place.
 D = Time resting spent in this place.
 E = Time spent auto-exploring this place.
 F = Levels seen in this place.
 G = Mean time per level.
                   A        B        C        D        E       F      G
               +--------+--------+--------+--------+--------+-----+--------+
         Total |   1711 |   1686 |     25 |    470 |    676 |   2 |  855.5 |
       Dungeon |   1711 |   1686 |     25 |    470 |    676 |   2 |  855.5 |
               +--------+--------+--------+--------+--------+-----+--------+

Top non-repeatable levels by time:
     D:1: 1505 daAuts
     D:2: 205 daAuts
